 Dungeon Crawl Stone Soup version 0.29-a0-872-g797fff5ad1 (webtiles) character file.

Game seed: 12682576441918194473

113 Garessta the Vexing (level 4, -2/51 HPs)
             Began as a Gnoll Arcane Marksman on July 18, 2022.
             Slain by Crazy Yiuf
             ... wielding a +4 quarterstaff of chaos
              (6 damage)
             ... on level 3 of the Dungeon.
             The game lasted 00:10:29 (3210 turns).

Garessta the Vexing (Gnoll Arcane Marksman)         Turns: 3210, Time: 00:10:29

Health: -2/51      AC: 22    Str: 14 (16) XL:     4   Next: 96%
Magic:  8/8        EV:  2    Int:  9 (12) God:
Gold:   178        SH:  0    Dex: 11 (14) Spells: 8/9 levels left

rFire   . . .      SeeInvis .   b - +0 short sword
rCold   . . .      Faith    .   (no shield)
rNeg    . . .      Spirit   .   (body armour currently unavailable)
rPois   +          Reflect  .   (helmet currently unavailable)
rElec   .          Harm     .   (cloak currently unavailable)
rCorr   .          Rampage  .   (gloves currently unavailable)
Will    .....      NoTele   +   (boots currently unavailable)
Stlth   ++........              (no amulet)
HPRegen 0.17/turn               d - ring of flight
MPRegen 0.11/turn               x - +6 ring of strength

@: brilliant, agile, tree-form, slowed, invisible, very slow
A: stationary, stasis, torment immunity, boosted hp, (fangs 1), strong nose,
distributed training
a: no special abilities


You were on level 3 of the Dungeon.
You were a tree.
You visited 1 branch of the dungeon, and saw 4 of its levels.

You collected 178 gold pieces.

Inventory:

Hand Weapons
 a - a +0 sling
 b - a +0 short sword (weapon)
Missiles
 m - 3 poisoned darts
 o - 6 silver boomerangs
Armour
 n - a +0 leather armour (melded)
 s - a +0 helmet (melded)
Jewellery
 d - a ring of flight (left branch)
 x - a +6 ring of strength (right branch)
Scrolls
 c - 2 scrolls of noise {unknown}
 e - 3 scrolls of identify {unknown}
 g - a scroll of vulnerability
 j - 3 scrolls of magic mapping {unknown}
 l - 3 scrolls of teleportation {unknown}
 t - a scroll of poison {unknown}
 u - 2 scrolls of enchant weapon {unknown}
 v - a scroll of amnesia {unknown}
 y - a scroll of silence {unknown}
Potions
 f - 2 potions of heal wounds
 h - 2 potions of lignification
 k - a potion of mutation {unknown}
 p - a potion of berserk rage {unknown}
 q - a potion of degeneration
 r - a potion of flight {unknown}
 w - a potion of curing {unknown}


   Skills:
 + Level 2.9 Fighting
 + Level 1.3 Short Blades
 + Level 1.3 Long Blades
 + Level 1.3 Axes
 + Level 1.3 Maces & Flails
 + Level 1.3 Polearms
 + Level 1.3 Staves
 + Level 4.7 Ranged Weapons
 + Level 1.3 Throwing
 + Level 1.3 Armour
 + Level 4.7 Dodging
 + Level 1.3 Stealth
 + Level 1.3 Shields
 + Level 1.3 Unarmed Combat
 + Level 3.1 Spellcasting
 + Level 1.1 Conjurations
 + Level 5.5 Hexes
 + Level 1.1 Summonings
 + Level 1.1 Necromancy
 + Level 1.1 Translocations
 + Level 1.1 Transmutations
 + Level 1.1 Fire Magic
 + Level 1.1 Ice Magic
 + Level 1.1 Air Magic
 + Level 1.1 Earth Magic
 + Level 1.1 Poison Magic
 + Level 1.5 Invocations
 + Level 1.3 Evocations


You had 8 spell levels left.
You knew the following spells:

 Your Spells              Type           Power      Damage    Failure   Level
a - Slow                  Hex            68%        N/A       3%          1

Your spell library contained the following spells:

 Spells                   Type           Power      Damage    Failure   Level
 Magic Dart               Conj           20%        1d4       19%         1
 Inner Flame              Hex/Fire       11%        N/A       22%         3
 Portal Projectile        Hex/Tloc       22%        N/A       22%         3
 Searing Ray              Conj           10%        2d4       28%         2
 Cause Fear               Hex            8%         N/A       30%         4
 Fulminant Prism          Conj/Hex       5%         3d7       58%         4


Dungeon Overview and Level Annotations

Branches:
Dungeon (4/15)
 Temple: D:4-7

Altars:

Annotations:
D:3 Crazy Yiuf


Innate Abilities, Weirdness & Mutations

You are a tree.
Your roots penetrate the ground, keeping you stationary.
You cannot be teleported.
You are immune to unholy pain and torment.
Your maximum health is greatly increased.
Your equipment is partially melded.
((You have very sharp teeth.))
Your uncanny sense of smell can sniff out nearby items.
Your experience applies equally to all skills.


Message History

Crazy Yiuf burns you.
It was a potion of lignification.
You turn into a tree.
Your +0 helmet melds into your body.
Your +0 leather armour melds into your body.
Your roots penetrate the ground.
You feel sick.
Crazy Yiuf hits you with a +4 quarterstaff of chaos.
* * * LOW HITPOINT WARNING * * *
Crazy Yiuf freezes you.
* * * LOW HITPOINT WARNING * * *
Crazy Yiuf hits you but does no damage.
You are more poisoned.
It was a potion of degeneration.
There was something very wrong with that liquid.
You feel weakened.
You feel dopey.
You feel clumsy.
You feel sick.
Crazy Yiuf hits you with a +4 quarterstaff of chaos.
* * * LOW HITPOINT WARNING * * *
You resist with some effort.
It was a potion of brilliance.
You feel clever all of a sudden.
You feel sick. Crazy Yiuf hits you but does no damage.
Crazy Yiuf says, "Dawk meccalolo down!"
Crazy Yiuf hits you with a +4 quarterstaff of chaos.
* * * LOW HITPOINT WARNING * * *
You fade into invisibility!
Unknown command.
b - a +0 short sword (weapon)
You feel sick.
You strike the helpless Crazy Yiuf from behind!
You hit Crazy Yiuf.
Crazy Yiuf is heavily wounded.
You feel sick.
Crazy Yiuf sings, "Trees, trees, trees, circus!"
Crazy Yiuf hits you but does no damage. x2
You barely miss Crazy Yiuf.
Crazy Yiuf is heavily wounded.
You feel sick.
You are no longer poisoned.
Crazy Yiuf hits you with a +4 quarterstaff of chaos.
You die...

#.# #.# #.# #.######### #.#
#.........# ######.# #########.#
#....[.# #.# #.###### #.#
.......# #.# .#####.#
########.######### .#
#.####.....♣g.........# .#
#......#########.####.###### .#
#.###### ######............
.#####.## ##...##.........##.
........#######.......####.......
###.###............#### ####.##)
# #.# #########...## #.###
###.###### ##..# #.# .........#
#..# #.#


You could see Crazy Yiuf (unable to see you).

Vanquished Creatures
  A gnoll (D:2)
  4 adders
  A worm (D:2)
  9 ball pythons
  3 endoplasms (D:2)
  A giant cockroach (D:2)
  4 goblins
  7 hobgoblins
  6 quokkas
  7 bats
  3 frilled lizards
  7 kobolds
  8 rats
  A spectral kobold (D:1)
62 creatures vanquished.

Notes
Turn   | Place    | Note
-------+----------+-------------------------------------------
     0 | D:1      | Garessta the Gnoll Arcane Marksman began the quest for the
                  | Orb.
     0 | D:1      | Reached XP level 1. HP: 17/17 MP: 4/4
   225 | D:1      | Reached XP level 2. HP: 16/23 MP: 5/5
   391 | D:1      | Found a faded altar of an unknown god.
  1225 | D:2      | Reached XP level 3. HP: 28/28 MP: 7/7
  1338 | D:2      | You are sucked into a shaft and drop 2 floors!
  1471 | D:3      | Reached skill level 1 in Invocations
  1687 | D:2      | Reached skill level 1 in Short Blades
  1687 | D:2      | Reached skill level 1 in Long Blades
  1687 | D:2      | Reached skill level 1 in Axes
  1687 | D:2      | Reached skill level 1 in Maces & Flails
  1687 | D:2      | Reached skill level 1 in Polearms
  1687 | D:2      | Reached skill level 1 in Staves
  1687 | D:2      | Reached skill level 1 in Throwing
  1687 | D:2      | Reached skill level 1 in Armour
  1687 | D:2      | Reached skill level 1 in Stealth
  1687 | D:2      | Reached skill level 1 in Shields
  1687 | D:2      | Reached skill level 1 in Unarmed Combat
  1687 | D:2      | Reached skill level 1 in Evocations
  1918 | D:2      | Reached XP level 4. HP: 34/34 MP: 8/8
  2093 | D:2      | Reached skill level 1 in Conjurations
  2093 | D:2      | Reached skill level 1 in Summonings
  2093 | D:2      | Reached skill level 1 in Necromancy
  2093 | D:2      | Reached skill level 1 in Translocations
  2093 | D:2      | Reached skill level 1 in Transmutations
  2093 | D:2      | Reached skill level 1 in Fire Magic
  2093 | D:2      | Reached skill level 1 in Ice Magic
  2093 | D:2      | Reached skill level 1 in Air Magic
  2093 | D:2      | Reached skill level 1 in Earth Magic
  2093 | D:2      | Reached skill level 1 in Poison Magic
  3004 | D:3      | Found a runed translucent door.
  3005 | D:3      | Noticed Crazy Yiuf
  3210 | D:3      | Slain by Crazy Yiuf

Illustrated notes

Levels and vault maps discovered:
D:1:      tarquinn_simple_flora_water_d, layout_basic,
          dreamdust_ecumenical_altar_drowned_temple
D:2:      layout_rooms, dk_vineyard_3, chequers_avenue, minmay_divided_ellipse
D:3:      wander_river, layout_loops_ring, uniq_crazy_yiuf_cottage
D:4:      layout_basic, xom_teletrap_fun

Skill      XL: |  1  2  3  4 |
---------------+-------------+-----
Invocations    | 1 |  1.5
Short Blades   | 1 |  1.3
Long Blades    | 1 |  1.3
Axes           | 1 |  1.3
Maces & Flails | 1 |  1.3
Polearms       | 1 |  1.3
Staves         | 1 |  1.3
Throwing       | 1 |  1.3
Armour         | 1 |  1.3
Stealth        | 1 |  1.3
Shields        | 1 |  1.3
Unarmed Combat | 1 |  1.3
Evocations     | 1 |  1.3
Spellcasting   | 3 |  3.1
Conjurations   | 1 |  1.1
Summonings     | 1 |  1.1
Necromancy     | 1 |  1.1
Translocations | 1 |  1.1
Transmutations | 1 |  1.1
Fire Magic     | 1 |  1.1
Ice Magic      | 1 |  1.1
Air Magic      | 1 |  1.1
Earth Magic    | 1 |  1.1
Poison Magic   | 1 |  1.1
Fighting       | |  2.9
Ranged Weapons | |  4.7
Dodging        | |  4.7
Hexes          | |  5.5

Action                   |  1- 3 |  4- 6 || total
-------------------------+-------+-------++-------
Melee: Dagger            |    32 |       ||    32
       Short sword       |    33 |    35 ||    68
       Bite              |     2 |     3 ||     5
       Punch             |     2 |     2 ||     4
 Fire: Sling             |   116 |    63 ||   179
 Cast: Slow              |     8 |     9 ||    17
  Use: Potion            |       |     4 ||     4
 Stab: Sleeping          |     1 |       ||     1
       Invisible         |       |     1 ||     1
Armor: Robe              |     6 |       ||     6
       Leather armour    |    15 |    15 ||    30
       Skin              |       |     4 ||     4
Dodge: Dodged            |    63 |    55 ||   118

Table legend: (Time is in decaauts)
 A = Elapsed time spent in this place.
 B = Non-inter-level travel time spent in this place.
 C = Inter-level travel time spent in this place.
 D = Time resting spent in this place.
 E = Time spent auto-exploring this place.
 F = Levels seen in this place.
 G = Mean time per level.
                   A        B        C        D        E       F      G
               +--------+--------+--------+--------+--------+-----+--------+
         Total |   3235 |   3158 |     77 |    183 |   2267 |   4 |  808.8 |
       Dungeon |   3235 |   3158 |     77 |    183 |   2267 |   4 |  808.8 |
               +--------+--------+--------+--------+--------+-----+--------+

Top non-repeatable levels by time:
     D:1: 1367 daAuts
     D:2: 1113 daAuts
     D:3: 745 daAuts
     D:4: 9 daAuts
